 Dungeon Crawl Stone Soup version 0.29.1-1-gd02db6906a (webtiles) character file.

Game seed: 6368602114571534450

47 RogueRain17 the Ruffian (level 3, -1/27 HPs)
             Began as a Demonspawn Gladiator on Sept 20, 2022.
             Slain by Crazy Yiuf
             ... wielding a +4 quarterstaff of chaos
              (14 damage)
             ... on level 2 of the Dungeon.
             The game lasted 00:02:33 (1963 turns).

RogueRain17 the Ruffian (Demonspawn Gladiator)      Turns: 1963, Time: 00:02:33

Health: -1/27      AC:  4    Str: 16    XL:     3   Next: 48%
Magic:  3/3        EV: 13    Int:  9    God:
Gold:   96         SH:  0    Dex: 16    Spells: 2/2 levels left

rFire   . . .      SeeInvis .     - Unarmed
rCold   . . .      Faith    .   (no shield)
rNeg    . . .      Spirit   .   a - +0 leather armour
rPois   .          Reflect  .   b - +0 helmet
rElec   .          Harm     .   (no cloak)
rCorr   .          Rampage  .   (no gloves)
Will    .....                   (no boots)
Stlth   ++........              (no amulet)
HPRegen 0.09/turn               (no ring)
MPRegen 0.08/turn               (no ring)

@: no status effects
A: thin skeletal structure 1, spiny 1
a: no special abilities


You were on level 2 of the Dungeon.
You visited 1 branch of the dungeon, and saw 3 of its levels.

You collected 96 gold pieces.

Inventory:

Missiles
 c - 3 throwing nets (quivered)
 d - a javelin
Armour
 a - a +0 leather armour (worn)
 b - a +0 helmet (worn)
Jewellery
 g - a ring of willpower
 r - a ring of resist corrosion
Scrolls
 j - 2 scrolls of teleportation
 m - a scroll of immolation
Potions
 e - 2 potions of curing {unknown}
 f - a potion of lignification {unknown}
 i - a potion of heal wounds {unknown}
 n - 2 potions of resistance {unknown}
 q - a potion of ambrosia {unknown}


   Skills:
 - Level 2.0 Fighting
 - Level 1.7 Throwing
 + Level 3.2 Dodging
 * Level 3.7 Unarmed Combat


You had 2 spell levels left.
You didn't know any spells.
Your spell library contained the following spells:

 Spells                   Type           Power      Damage    Failure   Level
 Frozen Ramparts          Ice            0%         1d1       83%         3
 Cause Fear               Hex            0%         N/A       99%         4
 Ice Form                 Ice/Tmut       0%         N/A       99%         4
 Summon Ice Beast         Ice/Summ       0%         N/A       99%         4
 Dragon Form              Tmut           0%         N/A       100%        7
 Dragon's Call            Summ           0%         N/A       100%        9


Dungeon Overview and Level Annotations

Branches:
Dungeon (3/15)

Altars:

Shops:
D:2 (

Annotations:
D:2 Crazy Yiuf


Innate Abilities, Weirdness & Mutations

You have a somewhat thin skeletal structure. (Dex +2, Stealth+)
You are partially covered in sharp spines.


Message History

j - 2 scrolls of teleportation
As you read the scroll labelled QYOFOCE MOTREU, it crumbles to dust.
Your body is wracked with pain!
It was a scroll of torment.
As you read the scroll labelled LEXEGO IDAQEO, it crumbles to dust.
Magic quickly surges around you.
It was a scroll of vulnerability.
As you read the scroll labelled FUUROU TISSU, it crumbles to dust.
The air around you briefly surges with heat, but it dissipates.
It was a scroll of immolation.
Crazy Yiuf yells, "Cards!"
As you read the scroll labelled YDGHANT HEAGOSM, it crumbles to dust.
It is a scroll of enchant weapon.
You aren't carrying any weapons that can be enchanted.
Blink to where?
Press: ? - help, Dir - move target
As you read the scroll labelled QOIFAU PIQU, it crumbles to dust.
It was a scroll of blinking.
Crazy Yiuf whimpers, "Goldfish ladder fast!"
You start resting.
You feel your willpower return.
You start resting.
HP restored.
Could not explore, unopened runed door.
Could not explore, unopened runed door.
You open the door.
Crazy Yiuf says, "Paint alas leg!"
You hit Crazy Yiuf.
Crazy Yiuf is lightly wounded.
Crazy Yiuf barely misses you.
You hit Crazy Yiuf.
Crazy Yiuf is moderately wounded.
Crazy Yiuf closely misses you.
You hit Crazy Yiuf.
Crazy Yiuf is heavily wounded.
Crazy Yiuf hits you with a +4 quarterstaff of chaos!
Crazy Yiuf freezes you.
You punch Crazy Yiuf!
Crazy Yiuf is almost dead.
Crazy Yiuf hits you with a +4 quarterstaff of chaos!
Ouch! That really hurt!
You die...

...#..................#
...##......###################
#.####.....# #.......#
...........# ##### #.......#
#.######...# #..)#
#.......#### ...........#
#...# #.......#...
#.#.....##.# ... #.......#...
#...##.....# #g# #......<....
....##.###.# ♣♣@♣ ########....
.......##### ♣.♣♣ #....
...........# ♣♣.♣ ######....
.......##### ♣.♣♣ ###.........
###.##..#### ♣♣.♣♣
#...#####... #.###....# ♣...♣♣
#.......#... #...####.# ♣)P.)♣
#######..... ##....#### #.)..#
##......## #....#
#...)######..##.....


You could see Crazy Yiuf.

Vanquished Creatures
  A gnoll (D:1)
  A dart slug (D:1)
  5 endoplasms
  A giant cockroach (D:1)
  5 goblins
  2 hobgoblins (D:1)
  2 ball pythons (D:1)
  6 bats (D:1)
  4 kobolds (D:1)
  7 rats (D:1)
34 creatures vanquished.

Notes
Turn   | Place    | Note
-------+----------+-------------------------------------------
     0 | D:1      | RogueRain17 the Demonspawn Gladiator began the quest for
                  | the Orb.
     0 | D:1      | Reached XP level 1. HP: 16/16 MP: 1/1
   312 | D:1      | Gained mutation: You are partially covered in sharp spines.
                  | [demonic ancestry]
   312 | D:1      | Reached XP level 2. HP: 21/22 MP: 2/2
   646 | D:1      | Gained mutation: You have a somewhat thin skeletal
                  | structure. (Dex +2, Stealth+) [demonic ancestry]
   646 | D:1      | Reached XP level 3. HP: 24/27 MP: 3/3
  1391 | D:2      | Found Dangass's Antique Weapon Shoppe.
  1569 | D:2      | Found a runed translucent door.
  1570 | D:2      | Noticed Crazy Yiuf
  1802 | D:3      | Noticed an ogre
  1963 | D:2      | Slain by Crazy Yiuf

Illustrated notes

Levels and vault maps discovered:
D:1:      spicycebolla_arrival_xxxplode, layout_basic, st_stairs_3,
          dreamdust_princess_corridor
D:2:      layout_rooms, serial_shops, nicolae_shop_hallway_plus,
          guppyfry_early_lair_pool, uniq_crazy_yiuf_cottage
D:3:      layout_rooms

Skill      XL: |  1  2 |
---------------+-------+-----
Unarmed Combat | 3 |  3.7
Dodging        | 3 |  3.2
Fighting       | |  2.0
Throwing       | |  1.7

Action                   || total
-------------------------++-------
Melee: Unarmed           ||    73
       Punch             ||     3
  Use: Scroll            ||     6
 Stab: Sleeping          ||     1
Armor: Leather armour    ||    18
Dodge: Dodged            ||    51
